AoeStats
← Doak

Lombardia

510096242Analyzed
3v3 RM · 2d ago on Sep 29, 2026· 44m 6s· 6 players
Game mode
Random Map
Map size
Normal (6 player)
Population
200
Speed
Normal
Resources
Standard
Victory
Conquest
Starting age
Dark Age
Ending age
Imperial Age
RankedLock teamsTeams togetherTeam positionsShared explorationLock speedFull tech treeHidden civsTurbo modeCheats
Victory
Defeat
🇩🇪 Varangians · Germany
1519
+12
🇨🇿 Maya · Czechia
1481
+14
🇨🇳 Slavs · China
1436
+15
🇬🇧 Dravidians · United Kingdom
1457
-14
🇬🇧 Khmer · United Kingdom
1426
-14
🇺🇸 Khitans · United States
1405
-13
some.spiced.ham
6:17 Loom
9:56 Feudal Age
12:18 Forging
15:15 Domestication
23:53 Scale Barding Armor
24:47 Wheelbarrow
28:11 Castle Age
27:06 Gold Mining
29:28 Iron Casting
29:14 Chain Barding Armor
28:17 Light Cavalry
29:49 Husbandry
35:39 Hand Cart
38:20 Stone Mining
Gbeto Supastar
7:53 Loom
10:07 Feudal Age
19:08 Wheelbarrow
22:19 Castle Age
21:15 Gold Mining
21:12 Double-Bit Axe
21:08 Horse Collar
22:18 Scale Barding Armor
22:24 Forging
23:59 Bow Saw
26:39 Chain Barding Armor
30:00 Heavy Plow
30:21 Bloodlines
30:12 Husbandry
30:48 Hand Cart
31:41 Iron Casting
33:08 Stone Mining
33:53 Gold Shaft Mining
39:19 Imperial Age
39:42 Cavalier
40:59 Plate Barding Armor
41:25 Blast Furnace
40:54 Light Cavalry
43:04 Fletching
43:51 Tusk Swords
Doak
6:59 Loom
9:37 Feudal Age
10:32 Double-Bit Axe
11:44 Fletching
17:48 Padded Archer Armor
22:57 Castle Age
21:36 Gold Mining
22:58 Crossbowman
23:34 Bodkin Arrow
23:58 Bow Saw
23:58 Thumb Ring
25:37 Ballistics
29:09 Wheelbarrow
28:36 Horse Collar
29:27 Town Watch
36:34 Imperial Age
35:37 Leather Archer Armor
36:35 Hand Cart
38:16 Chemistry
37:17 Bracer
37:29 Arbalester
39:56 Elite Skirmisher
43:04 Ring Archer Armor
42:53 Hand Cart
Amigo
7:13 Loom
9:40 Feudal Age
10:13 Double-Bit Axe
10:56 Horse Collar
12:41 Bloodlines
18:54 Castle Age
17:43 Scale Barding Armor
18:04 Forging
19:07 Light Cavalry
19:48 Husbandry
20:44 Bow Saw
23:06 Wheelbarrow
24:44 Stone Mining
25:26 Town Watch
26:16 Fletching
28:17 Iron Casting
29:15 Heavy Plow
30:01 Hand Cart
31:53 Gold Mining
32:40 Stone Shaft Mining
33:27 Town Patrol
34:45 Caravan
35:33 Bodkin Arrow
35:58 Chain Barding Armor
40:42 Imperial Age
38:55 Vendel Legacy
40:43 Cavalier
40:44 Hussar
42:01 Plate Barding Armor
42:27 Blast Furnace
42:06 Conscription
fall
0:28 Loom
10:22 Feudal Age
11:23 Double-Bit Axe
13:10 Horse Collar
15:14 Fletching
20:19 Castle Age
18:37 Padded Archer Armor
19:12 Gold Mining
20:21 Crossbowman
20:57 Bodkin Arrow
21:25 Bow Saw
21:54 Wheelbarrow
22:46 Heavy Plow
23:41 Leather Archer Armor
25:07 Town Watch
30:43 Imperial Age
28:38 Ballistics
29:11 Stone Mining
32:02 Bracer
33:29 Elite Plumed Archer
35:03 Conscription
37:36 Chemistry
38:58 Two-Man Saw
39:31 Ring Archer Armor
40:22 Caravan
40:38 Masonry
40:23 Murder Holes
40:39 Fortified Wall
44:16 Hand Cart
44:02 Town Patrol
44:39 Stone Shaft Mining
44:59 Coinage
小农民
6:41 Loom
10:23 Feudal Age
10:52 Double-Bit Axe
12:26 Horse Collar
22:11 Castle Age
20:14 Gold Mining
20:17 Stone Mining
23:24 Squires
23:42 Forging
23:47 Bow Saw
23:39 Heavy Plow
24:59 Wheelbarrow
26:02 Gold Shaft Mining
27:19 Hand Cart
28:35 Husbandry
28:47 Bloodlines
28:48 Scale Barding Armor
29:20 Iron Casting
29:11 Town Watch
32:03 Imperial Age
31:39 Chain Barding Armor
31:48 Caravan
32:10 Cavalier
33:29 Plate Barding Armor
33:55 Blast Furnace
33:20 Conscription
34:56 Druzhina
34:25 Light Cavalry
37:15 Hussar
38:00 Detinets
40:20 Capped Ram
42:00 Siege Ram
43:13 Pikeman
43:58 Scale Mail Armor
Connection lost

Rejoining the realm…

Still unreachable

The connection could not be restored.

Session expired

The server has moved on; the page needs a fresh start.